 Dungeon Crawl Stone Soup version 0.21-a0-213-gae198ad (webtiles) character file.

91 Lavandula the Chiller (level 4, -5/33 HPs)
             Began as a Ghoul Ice Elementalist on Aug 22, 2017.
             Was an Initiate of Ashenzari.
             Killed by divine providence
             ... invoked by an orc priest
              (10 damage)
             ... on level 4 of the Dungeon.
             The game lasted 00:10:05 (1493 turns).

Lavandula the Chiller (Ghoul Ice Elementalist)      Turns: 1493, Time: 00:10:06

Health: -5/33      AC:  2    Str: 11    XL:     4   Next: 59%
Magic:  0/6        EV: 12    Int: 11    God:    Ashenzari [......]
Gold:   160        SH:  0    Dex:  9    Spells: 3/7 levels left

rFire    . . .     SeeInvis .   (no weapon)
rCold    + . .     Gourm    .   (no shield)
rNeg     + + +     Faith    .   a - +0 robe
rPois    ∞         Spirit   .   (no helmet)
rElec    .         Reflect  .   h - scarf {cloud immunity}
rCorr    .         Harm     .   (no gloves)
MR       .....                  (no boots)
Stlth    ++........             (no amulet)
HPRegen  0.00/turn              e - ring of flight
MPRegen  0.10/turn              (no ring)

@: rotting
A: rotting body, claws 1, carnivore 3, cold resistance 1, negative energy
resistance 3, inhibited regeneration, torment resistance, unbreathing
a: Curse Item, Renounce Religion, Evoke Flight


You were on level 4 of the Dungeon.
You worshipped Ashenzari.
Ashenzari was noncommittal.
You were not hungry.

You visited 1 branch of the dungeon, and saw 5 of its levels.

You collected 160 gold pieces.

Inventory:

Armour
 a - a +0 robe (worn)
 h - a scarf of cloud immunity (worn)
Jewellery
 e - a ring of flight (left claw)
Scrolls
 f - a scroll of enchant weapon {unknown}
 i - a scroll of magic mapping {unknown}
 m - 2 scrolls of amnesia {unknown}
 n - a scroll of recharging {unknown}
 o - a scroll of teleportation {unknown}
 p - a scroll of remove curse
Potions
 g - a potion of magic {unknown}
 j - a potion of curing
 k - a potion of agility {unknown}
 l - a potion of berserk rage {unknown}
Books
 b - a book of Frost

   Spells                             Type                      Level
   a - Freeze                         Ice                          1
   b - Throw Frost                    Conjuration/Ice              2
   c - Ozocubu's Armour               Charms/Ice                   3
   d - Throw Icicle                   Conjuration/Ice              4
   e - Summon Ice Beast               Ice/Summoning                4
Comestibles
 c - a meat ration
 d - 2 royal jellies


   Skills:
 - Level 1.7 Dodging
 - Level 2.1 Stealth
 - Level 2.0 Spellcasting
   Level 0.7 Conjurations
 + Level 5.5 Ice Magic


You had 3 spell levels left.
You knew the following spells:

 Your Spells              Type           Power        Failure   Level  Hunger
a - Freeze                Ice            ##..         3%          1    ##.....
b - Ozocubu's Armour      Chrm/Ice       #.......     28%         3    ####...


Dungeon Overview and Level Annotations

Branches:
Dungeon (5/15)             Temple (0/1) D:4

Altars:
Ashenzari
Qazlal

Annotations:
D:3 skelma's ghost, weakling TeSu


Innate Abilities, Weirdness & Mutations

Your body is rotting away.
You thrive on raw meat.
You are immune to poison.
You have sharp fingernails.
You are carnivorous and can eat meat at any time.
Your flesh is cold resistant. (rC+)
You are immune to negative energy. (rN+++)
You do not regenerate when monsters are visible.
You are immune to unholy pain and torment.
You can survive without breathing.


Message History

The orc priest is severely wounded.
The orc priest hits you with a club.
Casting: Freeze
Confirm with . or Enter, or press ? or * to list all spells.
Aiming: Freeze
Press: ? - help, Shift-Dir - straight line, f/p - orc priest
Aim: an orc priest, wielding a club and wearing a chain mail (severely wounded)
You freeze the orc priest.
The orc priest is almost dead.
The orc priest hits you with a club.
You barely miss the orc priest.
The orc priest is almost dead.
The orc priest mumbles some strange prayers to Beogh against you.
Beogh smites you!
* * * LOW HITPOINT WARNING * * *
You scratch the orc priest but do no damage.
The orc priest is almost dead.
The orc priest mumbles some strange prayers to Beogh against you.
Beogh smites you!
You die...

.h....#......### #..
..(.........#.. ..>
............. #.. ..
#......## #.. .##...%...# ...
#.#.......## ...
#.####.#........# ...
#...........#...#### ..
###.##........@>...######...c
#....#...o...........#.#.
#....^.........##+##......
#..............# ##..
#....####......# .... #....#
#.....## #... #....#
#...####### #... ######
#.#........ .... #..#######.
####


You could see an orc priest.

Vanquished Creatures
  A hound (D:3)
  2 adders (D:2)
  A dart slug (D:2)
  5 orcs
  5 bats
  3 giant cockroaches
  3 hobgoblins
  6 jackals (D:3)
  2 quokkas (D:3)
  4 frilled lizards
  2 kobolds
  A quokka skeleton (D:4)
  A rat (D:3)
36 creatures vanquished.

Notes
Turn   | Place    | Note
-------+----------+-------------------------------------------
     0 | D:1      | Lavandula the Ghoul Ice Elementalist began the quest for the Orb.
     0 | D:1      | Reached XP level 1. HP: 14/14 MP: 2/2
   245 | D:2      | Reached XP level 2. HP: 9/20 MP: 0/4
   278 | D:2      | Reached skill level 4 in Ice Magic
   393 | D:2      | Reached XP level 3. HP: 23/25 MP: 0/5
   398 | D:2      | Learned a level 3 spell: Ozocubu's Armour
   400 | D:2      | Found a shattered altar of Ashenzari.
   410 | D:2      | Became a worshipper of Ashenzari the Shackled
   635 | D:4      | Noticed a centaur
   701 | D:4      | Noticed an ogre
   746 | D:3      | Noticed skelma's ghost (weakling TeSu)
   782 | D:3      | Reached skill level 5 in Ice Magic
   782 | D:3      | Reached XP level 4. HP: 6/33 MP: 1/6
   865 | D:3      | Found a stormy altar of Qazlal.
  1460 | D:4      | Found a staircase to the Ecumenical Temple.
  1470 | D:5      | Entered Level 5 of the Dungeon
  1472 | D:5      | Noticed an ice beast
  1493 | D:4      | Killed from afar by an orc priest

Vault maps used:
D:1:      lemuel_arrival_muddy
D:2:      eat_drink_and_be_merry_uskayaw, old_standard_altar, first_bread
D:3:      grunt_qazlal_clouds
D:4:      grunt_temple_overflow_bloody_war, grunt_dithmenos_shadows,
          lemuel_crystal_altar, amethyst_overflow_temple_binary,
          minmay_temple_entry_junction, st_stairs_5, vehumet_altar_wand_db

Skill      XL: |  1  2  3 |
---------------+----------+-----
Spellcasting   | 2 |  2.0
Ice Magic      | 4 5 |  5.5
Dodging        | |  1.7
Stealth        | |  2.1
Conjurations   | |  0.7

Action                   |  1- 3 |  4- 6 || total
-------------------------+-------+-------++-------
Melee: Unarmed           |    44 |    19 ||    63
 Cast: Freeze            |    45 |    27 ||    72
       Ozocubu's Armour  |       |     2 ||     2
  Use: Scroll            |     4 |       ||     4
       Potion            |     3 |       ||     3
 Stab: Sleeping          |     3 |       ||     3
  Eat: Chunk             |    24 |    11 ||    35
Armor: Robe              |    20 |    13 ||    33
Dodge: Dodged            |    69 |    26 ||    95

Table legend:
 A = Spawn XP
 B = Non-spawn XP
 C = Spawn XP percentage of total XP
 D = Spawn monster count
 E = Non-spawn monster count
 F = Spawn count percentage of total count
 G = Total turns spent on level
                    A         B        C        D         E        F      G
               +---------+---------+-------+---------+---------+-------+---------
         Total |       4 |     127 |   3.1 |       3 |      33 |   8.3 |  1493
               +---------+---------+-------+---------+---------+-------+---------
           D:1 |       0 |       4 |   0.0 |       0 |       3 |   0.0 |   180
           D:2 |       2 |      37 |   5.1 |       1 |       8 |  11.1 |   304
           D:3 |       1 |      82 |   1.2 |       1 |      20 |   4.8 |   900
           D:4 |       1 |       4 |  20.0 |       1 |       2 |  33.3 |    98
               +---------+---------+-------+---------+---------+-------+---------
